woodfighter, chaotic female elven Rogue -------- |<.....| dd d d d |......+ |......| ------------- ----.-.- |`.........`| ####### |.....`.....| # ....--.--...| ###### |...|.{.|...| ------ -----|-- # |..`|{@{|`..| |....| |......| ######%#### |...|.{.|...| |..t.| |......| ## ## |...-----....######..dq@| |......-#####------# #-.....`.....| |..f[| -------- #|.>.%|# ###|`.........`| ------ #-...[|# # ------------- #|.....#### #------ # ######### woodfighter the Rogue Experience level: 7 Strength: 15 Dexterity: 19 Constitution: 15 Intelligence: 12 Wisdom: 10 Charisma: 6 Health: 0(49) Energy: 41(41) Def: 6 Gold: 0 Moves: 3894 Dungeon seed: zyUPIMmzlaSSrdhE Game ID: woodfighter_1511437651 Your Inventory: Amulets c - a blessed amulet of reflection (being worn) P - a cursed amulet of strangulation Weapons a - a +0 elven short sword (weapon in hand) O - 8 +0 elven daggers (in quiver) X - a +0 long sword Armor n - a cursed -1 pair of gauntlets of fumbling q - an uncursed +0 orcish helm (being worn) r - an uncursed +0 elven mithril-coat (being worn) Comestibles m - an uncursed eucalyptus leaf M - 5 uncursed food rations Scrolls p - an uncursed scroll of scare monster Potions o - a blessed potion of healing Z - an uncursed potion of healing Wands h - a wand of opening (0:3) u - a wand of enlightenment (0:12) H - a wand of nothing (0:5) Tools g - an uncursed blindfold s - an uncursed sack y - an uncursed skeleton key Contents of the sack: 699 gold pieces a [uncursed] scroll of confuse monster an uncursed scroll of create monster 2 uncursed scrolls of enchant armor a [blessed] scroll of enchant armor 2 uncursed scrolls of identify 2 uncursed scrolls of magic mapping a [cursed] scroll of remove curse 3 uncursed scrolls of scare monster a [uncursed] scroll of taming an uncursed spellbook of detect monsters an uncursed spellbook of jumping a [uncursed] spellbook of magic missile a [uncursed] potion of gain energy a [uncursed] potion of hallucination 2 [cursed] potions of hallucination a potion of holy water a blessed potion of object detection an uncursed potion of sickness an uncursed potion of water a [cursed] ring of hunger an uncursed ring of protection from shape changers Spells and supernatural/magical abilities: Name Level Category Fail Memory W - pray for help -- divine ? -- Your skills at the end: Miscellaneous Skills wands [Basic] Weapon Skills dagger [Basic] short sword [Basic] Spellcasting Skills Final Attributes: You were devoutly aligned. You were sleep resistant. You were poison resistant. You were blinded. Your writing hand was ok. You were telepathic. You had infravision. You were somewhat stealthy. You had reflection. You are dead. Vanquished creatures: a small mimic a plains centaur a yellow light a rock piercer 2 ponies a shrieker a gnomish wizard a golden naga hatchling a guardian naga hatchling an elf zombie 2 straw golems 5 floating eyes 2 kittens a kobold lord 7 hill orcs 3 rothes a rabid rat a jitterbug a giant bat an orc zombie a dwarf zombie a wererat a gas spore a hobbit 2 acid blobs 4 geckos 2 hobgoblins a giant rat 2 cave spiders a yellow mold 2 gnomes 8 garter snakes 4 manes 2 gnome zombies 10 jackals 2 kobolds 4 newts 3 goblins 8 grid bugs 4 lichens a kobold zombie 99 creatures vanquished. Voluntary challenges: You did not cause conflict. You were not invisible. You did not have reflection until turn 2536. You were not displaced. You used a wielded weapon 132 times, starting on turn 8. You did not apply a unicorn horn. You did not use plumbed fixtures. You did not drink any magical draughts. You were illiterate. You never genocided any monsters. You never polymorphed an object. You never changed form. You used no wishes. You never split a pudding. You never wrote Elbereth's name. You violated your moral code, losing 5 points of alignment, starting on turn 1749. Dungeon overview: The Dungeons of Doom: levels 1 to 9 Level 1 a long staircase Level 2 a fountain Level 3 a fountain stairs to The Gnomish Mines Level 4 (vault) a general store, an altar to Kos, a fountain Level 5 a general store, some fountains Level 6 an altar to Kos, a fountain Level 7 a fountain Level 8 <- You were here many fountains Level 9 The Gnomish Mines: Level 4 stairs to The Dungeons of Doom History has recorded: On T:1 you entered the Dungeons of Doom to retrieve the Amulet of Yendor! On T:100 you reached level 2 of The Dungeons of Doom. On T:605 you reached level 3 of The Dungeons of Doom. On T:651 you advanced to experience level 2. On T:857 you advanced to experience level 3. On T:1245 you reached level 1 of The Gnomish Mines. On T:1288 you advanced to experience level 4. On T:1332 you reached level 4 of The Dungeons of Doom. On T:1753 you advanced to experience level 5. On T:1806 you reached level 5 of The Dungeons of Doom. On T:2380 you reached level 6 of The Dungeons of Doom. On T:2482 you reached level 7 of The Dungeons of Doom. On T:2838 you advanced to experience level 6. On T:3591 you reached level 8 of The Dungeons of Doom. On T:3720 you advanced to experience level 7. On T:3725 you reached level 9 of The Dungeons of Doom. Score breakdown: Gold: 699 ( 69 points) Experience: 7 levels ( 600 points) Exploration: 9 levels ( 240 points) Discoveries: 28 items ( 1400 points) Variety of kills: 41 monsters ( 2000 points) Major goal: (nothing yet) ( 0 points) Survival: died (score multiplied by 3) Total score: 12927 Latest messages: You displace your large dog. You see here a statue of a mountain centaur. A floating eye blocks your way. You throw 2 elven daggers. The 1st elven dagger hits the floating eye! The 2nd elven dagger hits the floating eye. You throw 2 elven daggers. The 1st elven dagger hits the floating eye! You kill the floating eye! You have a little trouble lifting O - 3 +0 elven daggers (in quiver). You have a little trouble lifting o - a yellow potion. You hear the splashing of a naiad. You have a little trouble lifting O - a +0 elven dagger (in quiver). You are momentarily blinded by a flash of light! The panther claws you! (2x) The panther bites! You can't see where you're going! You have a little trouble removing p - an uncursed scroll called scare monster. The mumak butts! The mumak bites! You die... Final status: Goodbye woodfighter the Rogue, killed by a mumak... You died in The Dungeons of Doom on dungeon level 8 with 12927 points, and 699 pieces of gold, after 3894 moves. You were level 7 with a maximum of 49 hit points when you died.